 Dungeon Crawl Stone Soup version 0.17-a0-1850-g688e747 (webtiles) character file.

540 kae the Poker (level 7, -9/62 HPs)
             Began as a Naga Fighter on Sept 19, 2015.
             Killed by nerve-wracking pain
             ... invoked by an orc priest
              (14 damage)
             ... on level 4 of the Dungeon.
             The game lasted 00:04:53 (4414 turns).

kae the Poker (Naga Fighter)                        Turns: 4414, Time: 00:04:53

Health: -9/62      AC:  8    Str: 18    XL:     7   Next: 26%
Magic:  7/7        EV:  1    Int:  9    God:
Gold:   144        SH:  8    Dex: 12    Spells: 0 memorised, 6 levels left

rFire  . . .     SeeInvis +     a - +0 trident
rCold  . . .     Clarity  .     o - +0 plate armour
rNeg   . . .     SustAt   .     c - +0 shield
rPois  +         Gourm    .     (no helmet)
rElec  .         Spirit   .     (no cloak)
rCorr  .         Warding  .     (no gloves)
rMut   .         Stasis   .     (no barding)
MR     .....                    (no amulet)
Stlth  ..........               (no ring)
                                (no ring)

@: short of breath, very slow, not resistant to hostile enchantments, extremely
unstealthy
A: see invisible, deformed body, poison resistance, slowness 2, slow metabolism
1, spit poison 2, AC +2
a: Spit Poison


You were on level 4 of the Dungeon.
You were not hungry.

You visited 1 branch of the dungeon, and saw 4 of its levels.

You collected 144 gold pieces.

Inventory:

Hand weapons
 a - a +0 trident (weapon)
Armour
 b - a +0 scale mail
 c - a +0 shield (worn)
 o - a +0 plate armour (worn)
Jewellery
 f - an uncursed ring of poison resistance {unknown}
 j - an uncursed ring of invisibility {unknown}
 s - a +4 ring of evasion {unknown}
Magical devices
 d - a wand of flame (27)
Scrolls
 g - a scroll of immolation {unknown}
 k - a scroll of blinking {unknown}
 l - 4 scrolls of identify {unknown}
 m - 3 scrolls of remove curse {unknown}
 p - 2 scrolls of fog {unknown}
 q - a scroll of fear {unknown}
 r - a scroll of amnesia {unknown}
 w - a scroll of teleportation {unknown}
 y - a scroll of enchant armour {unknown}
 B - a scroll of enchant weapon {unknown}
Potions
 n - 2 potions of curing {unknown}
 u - 2 potions of mutation {unknown}
 x - 2 potions of heal wounds {unknown}
 z - a potion of might
 A - a potion of degeneration {unknown}
 D - a potion of haste
Comestibles
 e - 4 bread rations
 h - a royal jelly
 i - 15 fruits
 t - a slice of pizza
 v - a meat ration
 C - a chunk of flesh


   Skills:
 - Level 3.0 Fighting
 + Level 7.8 Polearms
 - Level 2.4 Armour
 - Level 2.4 Shields


You had 6 spell levels left.
You didn't know any spells.

Dungeon Overview and Level Annotations

Branches:
Dungeon (4/15)
 Temple: D:4-7

Altars:
Ashenzari
Gozag
Okawaru


Innate Abilities, Weirdness & Mutations

You cannot wear boots.
Your serpentine skin is tough (AC +2).
You have supernaturally acute eyesight.
Armour fits poorly on your strangely shaped body.
Your system is resistant to poisons.
You cover ground very slowly.
You have a slow metabolism.
You can spit poison.


Message History

You are too injured to fight recklessly!
You are too injured to fight recklessly!
You are too injured to fight recklessly!
You are too injured to fight recklessly!
You hit the orc priest.
The orc priest is severely wounded.
The orc priest calls down the wrath of Beogh upon you.
Something smites you!
* * * LOW HITPOINT WARNING * * *
Your shield prevents you from hitting the orc priest.
The orc priest is severely wounded.
The orc priest hits you but does no damage.
You completely miss the orc priest.
The orc priest is severely wounded.
The orc priest miscasts a cantrip.
You closely miss the orc priest.
The orc priest is severely wounded.
The orc priest calls down the wrath of Beogh upon you.
Pain shoots through your body!
You die...

# #.# ##<.....## ###.#
#####.## ..#.# #.# #.#.#
#.# #.#.# ##'## #.#.#
##...## ....# ##.....##
#..## #.......##
#...####........@#
.......'.........o......
#...####.........###....
#..### ##.......## ..
.....# ##.....## #.##.#
##...## #.# .# ##'# #.#
# #.# ..# #.######


You could see an orc priest.

Vanquished Creatures
  2 hounds (D:4)
  An iguana (D:4)
  4 orc wizards
  Natasha (twice) (D:4)
  An orc priest (D:4)
  A worker ant (D:3)
  A hound zombie (D:4)
  Robin (D:3)
  10 adders
  2 oozes
  An adder skeleton (D:4)
  5 worms
  4 giant geckos
  15 orcs
  5 giant cockroaches
  24 goblins
  12 hobgoblins
  7 jackals
  7 kobolds
  A quokka (D:3)
  6 bats
  4 giant newts
  8 rats
124 creatures vanquished.

Notes
Turn   | Place    | Note
--------------------------------------------------------------
     0 | D:1      | kae the Naga Fighter began the quest for the Orb.
     0 | D:1      | Reached XP level 1. HP: 21/21 MP: 1/1
   309 | D:1      | Reached XP level 2. HP: 28/28 MP: 2/2
   601 | D:1      | Reached XP level 3. HP: 23/34 MP: 3/3
  1132 | D:2      | Reached skill level 4 in Polearms
  1232 | D:2      | Reached XP level 4. HP: 19/42 MP: 4/4
  2104 | D:3      | Found an opulent altar of Gozag.
  2165 | D:3      | Reached skill level 5 in Polearms
  2165 | D:3      | Reached XP level 5. HP: 23/49 MP: 5/5
  2747 | D:3      | Noticed Robin
  2773 | D:3      | Killed Robin
  3013 | D:3      | Reached skill level 6 in Polearms
  3108 | D:3      | Found a shattered altar of Ashenzari.
  3154 | D:3      | Reached XP level 6. HP: 56/56 MP: 6/6
  3404 | D:3      | Found an iron altar of Okawaru.
  3751 | D:4      | Reached skill level 7 in Polearms
  3968 | D:4      | Noticed Natasha
  3994 | D:4      | Killed Natasha
  3994 | D:4      | Reached XP level 7. HP: 36/62 MP: 7/7
  4306 | D:4      | Noticed Natasha
  4312 | D:4      | Killed Natasha
  4414 | D:4      | Killed from afar by an orc priest

Vault maps used:
D:1:      evilmike_arrival_run_for_it, minmay_misc_feat_room
D:2:      minmay_door_path, guppyfry_early_lair_pool
D:3:      nicolae_overflow_hidden_temple, nicolae_ashenzari_panopticon,
          okawaru_gym_becter, uniq_robin
D:4:      amethyst_overflow_temple_binary, first_bread, uniq_natasha

Action                   |  1- 3 |  4- 6 |  7- 9 || total
-------------------------+-------+-------+-------++-------
Melee: Trident           |   154 |   394 |    59 ||   607
 Abil: Spit Poison       |     1 |     7 |     6 ||    14
  Use: Potion            |       |     2 |       ||     2
  Eat: Chunk             |     1 |     8 |     1 ||    10
